 Dungeon Crawl Stone Soup version 0.27-a0-988-g25969acef8 (webtiles) character file.

Game seed: 1555021792692028258

6963 Lanoc the Dealer of Despair (level 10, -7/71 HPs)
             Began as a Troll Venom Mage on Apr 14, 2021.
             Was an Elder of Kikubaaqudgha.
             Killed from afar by a wretched star (25 damage)
             ... with a lance of force
             ... on level 2 of the Abyss on Apr 15, 2021.
             The game lasted 00:33:55 (10501 turns).

Lanoc the Dealer of Despair (Troll Venom Mage)     Turns: 10501, Time: 00:33:56

Health: -7/71      AC: 10    Str: 18 (19) XL:     10   Next: 81%
Magic:  7/7        EV:  1    Int:  7 (9)  God:    Kikubaaqudgha [****..]
Gold:   236        SH:  0    Dex: -1 (3)  Spells: 0/11 levels left

rFire    + . .     SeeInvis .   (no weapon)
rCold    . . .     Faith    .   (no shield)
rNeg     . . .     Spirit   .   y - +0 acid dragon scales
rPois    +         Reflect  .   g - +0 hat of the Desert {Str+5 Dex-4 Stlth+}
rElec    +         Harm     .   A - +0 cloak
rCorr    +         Rampage  .   (gloves unavailable)
Will     .....     Rnd*Rage +   (boots unavailable) Stlth ..........Rnd*Tele +
                                G - amulet of the acrobat
HPRegen  2.21/turn              m - +4 ring of protection
MPRegen  0.10/turn              F - ring of poison resistance

@: unable to read, on berserk cooldown, acrobatic, slowed, lost dexterity, very
slow
A: large, unfitting armour, claws 3, regeneration 2, shaggy fur 1, tough skin 1,
hooves 1, fire resistance 1, electricity resistance, [berserk 3], [clumsy 2],
[deformed body], [deterioration 2], [dopey 2], [frail 3], [low mp 3], [screaming
2], [teleportitis 3], [weak 2], [no potion heal 2], [subdued magic 3],
[inability to read while threatened]
a: Renounce Religion, Receive Corpses


You were on level 2 of the Abyss.
You worshipped Kikubaaqudgha.
Kikubaaqudgha was greatly pleased with you.
You visited 2 branches of the dungeon, and saw 10 of its levels.
You visited the Abyss 1 time.

You collected 543 gold pieces.
You spent 307 gold pieces at shops.

Inventory:

Missiles
 a - a curare-tipped dart
 q - 2 atropa-tipped darts
 x - a throwing net
 D - 7 datura-tipped darts
Armour
 g - the +0 hat of the Desert (worn) {Str+5 Dex-4 Stlth+}
   (You acquired it on level 2 of the Abyss)

   It affects your strength (+5).
   It affects your dexterity (-4).
   It makes you more stealthy.
 i - the +9 scales of the Dragon King {rPois rF+ rC+ Will+}
   (You acquired it on level 2 of the Abyss)

   It protects you from fire.
   It protects you from cold.
   It protects you from poison.
   It increases your willpower.
 y - +0 acid dragon scales (worn)
 A - a +0 cloak (worn)
Jewellery
 m - a +4 ring of protection (left claw)
 F - a ring of poison resistance (right claw)
 G - an amulet of the acrobat (around neck)
 H - a ring of resist corrosion
Wands
 f - a wand of paralysis (13)
 k - a wand of digging (8)
 l - a wand of mindburst (12)
 t - a wand of polymorph (3)
 E - a wand of flame (14)
Scrolls
 b - a scroll of silence
 e - a scroll of noise
 n - 2 scrolls of enchant weapon
 o - a scroll of vulnerability
 p - 3 scrolls of magic mapping
 r - a scroll of immolation
 s - a scroll of fear
 u - a scroll of fog
Potions
 c - 5 potions of curing
 d - a potion of heal wounds
 h - a potion of magic
 w - 2 potions of might
 B - a potion of mutation
 C - a potion of invisibility


   Skills:
 + Level 7.1 Fighting
 + Level 7.3 Dodging
 - Level 1.0 Stealth
 - Level 1.2 Spellcasting
 * Level 9.3 Necromancy
 - Level 0.6 Transmutations
 - Level 3.3 Poison Magic


You couldn't memorise any spells.
You knew the following spells:

 Your Spells              Type           Power      Damage    Failure   Level
a - Pain                  Necr           28%        1d5       1%          1
b - Sting                 Tmut/Pois      4%         1d3       14%         1
c - Vampiric Draining     Necr           3%         2d6       1%          3
d - Sublimation of Blood  Necr           3%         N/A       1%          2
e - Dispel Undead         Necr           7%         3d8       6%          4

Your spell library contained the following spells:

 Spells                   Type           Power      Damage    Failure   Level
 Corpse Rot               Necr/Air       N/A        N/A       6%          2
 Agony                    Necr           7%         N/A       21%         5
 Excruciating Wounds      Necr           3%         N/A       21%         5
 Poisonous Vapours        Pois/Air       2%         N/A       26%         2
 Corona                   Hex            0%         N/A       36%         1
 Freeze                   Ice            0%         1d3       36%         1
 Ensorcelled Hibernation  Hex/Ice        0%         N/A       50%         2
 Ignite Poison            Fire/Tmut/Pois 1%         N/A       54%         3
 Mephitic Cloud           Conj/Pois/Air  1%         N/A       58%         3
 Olgreb's Toxic Radiance  Pois           2%         N/A       69%         4
 Confusing Touch          Hex            0%         N/A       77%         3
 Dazzling Flash           Conj/Hex       0%         N/A       77%         3
 Frozen Ramparts          Ice            0%         1d2       77%         3
 Ozocubu's Armour         Ice            0%         N/A       77%         3
 Tukima's Dance           Hex            0%         N/A       77%         3
 Death Channel            Necr           3%         N/A       80%         6
 Hailstorm                Conj/Ice       0%         3d3       99%         4
 Metabolic Englaciation   Hex/Ice        0%         N/A       100%        5
 Simulacrum               Ice/Necr       1%         N/A       100%        6


Dungeon Overview and Level Annotations

Branches:
Dungeon (9/15)             Temple (1/1) D:4
   Lair: D:8-11         Orc: D:9-12

Altars:
Fedhas
Kikubaaqudgha
Makhleb
Trog
Wu Jian
Xom

Shops:
D:7 *

Annotations:
D:8 2 transporters, sastreii's ghost, novice VSFi
D:9 2 transporters, TheNamelessOne's ghost, journeyman OpCK


Innate Abilities, Weirdness & Mutations

You are too large for most types of armour.
You have claws for hands.
You heal very quickly.
You are covered in fur. (AC +1)
You have tough skin. (AC +1)
You have large cloven feet.
Your flesh is heat resistant. (rF+)
You are resistant to electric shocks. (rElec)
[You have an uncontrollable temper.]
[You are very clumsy. (Dex -4)]
[Armour fits poorly on your strangely shaped body.]
[Your body often deteriorates upon taking damage.]
[You are very dopey. (Int -4)]
[You are extremely frail. (-30% HP)]
[Your magical capacity is extremely low. (-30% MP)]
[You frequently scream uncontrollably at your foes.]
[You are often teleported next to monsters.]
[You are very weak. (Str -4)]
[Potions cannot restore your health.]
[Your spells are much easier to cast, but much less powerful.]
[You sometimes lose the ability to read scrolls when taking damage.]


Message History

The wretched star pulses with an eldritch light!
You feel weirdly uncertain.
You feel even more weirdly uncertain.
You scratch the wretched star but do no damage.
The wretched star is moderately damaged.
You scratch the wretched star.
The wretched star is moderately damaged.
The wretched star pulses with an eldritch light!
You feel even more weirdly uncertain.
You barely miss the wretched star.
The wretched star is moderately damaged.
The wretched star glows turbulently.
The lance of force hits you!!
Your body deteriorates!
You feel dopey.
You are knocked back by the lance of force.
You slam into the rock wall!
You scratch the wretched star but do no damage.
The wretched star is moderately damaged.
You are no longer berserk.
You are exhausted.
You feel yourself slow down.
The wretched star pulses with an eldritch light! x2
A glowing orange brain comes into view.
The wretched star glows turbulently.
The lance of force hits you!!
You are knocked back by the lance of force.
You slam into the stone wall!
Your body deteriorates!
You feel weakened.
The glowing orange brain pulsates.
The wretched star glows turbulently.
The lance of force hits you!
* * * LOW HITPOINT WARNING * * *
Your body deteriorates!
You feel dopey.
You are knocked back by the lance of force.
You slam into the rock wall!
* * * LOW HITPOINT WARNING * * *
The wretched star pulses with an eldritch light!
The wretched star pulses with an eldritch light!
The wretched star glows turbulently.
The lance of force hits you!!
You die...
Kikubaaqudgha rasps: "You have failed me!
Welcome... death!"

G##. .## ... ##
..## #4*... .###x
##X# .. ####
###.##.##.#.*. .
... #....#. #.#
#....
#..##.#.{#..*## ##.
.
#.##.#..#*#.#####>#
.t. ##....#..####
.. . #.....@...#
... . ......#...#.#
. . ..
...##..##.#.# . # .
. . #.## ##.#. ...
##... #. #..# # # .
.. #.. # .... #.
..# . ... .# #. .


You could see a wretched star.

Vanquished Creatures
  A two-headed ogre (D:8)
  Prince Ribbit (D:8)
  A small abomination (Abyss:2)
  3 shadows (D:9)
  A wyvern (D:6)
  6 yaks (D:8)
  A wraith (D:9)
  Edmund (D:5)
  3 acid dragons
  2 water moccasins
  2 orc warriors (D:9)
  A sky beast (D:8)
  2 ice beasts (D:6)
  2 ogres
  4 centaurs
  A necrophage (D:4)
  A kobold brigand (D:9)
  A bullfrog (D:6)
  A scorpion (D:4)
  3 killer bees
  6 howler monkeys
  11 wights
  A centaur zombie (D:7)
  6 hounds
  A jelly (D:5)
  3 orc priests
  A centaur skeleton (D:5)
  A gnoll shaman (D:7)
  2 bullfrog skeletons
  2 iguanas
  7 orc wizards
  A killer bee zombie (D:7)
  2 hound skeletons
  14 gnolls
  4 adders
  A shadow imp (Abyss:2)
  A white imp (D:6)
  2 adder skeletons
  A worm (D:2)
  5 dart slugs
  32 orcs
  13 bats
  2 endoplasms
  2 giant cockroaches (D:4)
  10 goblins
  8 hobgoblins
  13 jackals
  5 quokkas
  4 ball pythons
  2 frilled lizards
  16 kobolds
  A quokka skeleton (D:4)
  5 rats
223 creatures vanquished.

Vanquished Creatures (collateral kills)
  A thrashing horror (Abyss:2)
  An apocalypse crab (Abyss:2)
  2 raiju (Abyss:2)
4 creatures vanquished.

Vanquished Creatures (others)
  An orc wizard (D:7)
  2 lurking horrors (Abyss:2)
  4 plants (D:3)
  2 starspawn tentacles (Abyss:2)
9 creatures vanquished.

Grand Total: 236 creatures vanquished

Notes
Turn   | Place    | Note
-------+----------+-------------------------------------------
     0 | D:1      | Lanoc the Troll Venom Mage began the quest for the Orb.
     0 | D:1      | Reached XP level 1. HP: 16/16 MP: 1/1
    71 | D:1      | Reached XP level 2. HP: 20/26 MP: 2/2
   118 | D:1      | Reached skill level 1 in Fighting
   219 | D:1      | Reached XP level 3. HP: 33/33 MP: 3/3
   593 | D:2      | Noticed a killer bee
   593 | D:2      | Noticed a killer bee
   593 | D:2      | Noticed a killer bee
   602 | D:1      | Killed a killer bee
   603 | D:1      | Reached XP level 4. HP: 23/42 MP: 1/4
   761 | D:2      | Reached XP level 5. HP: 49/49 MP: 1/5
  1215 | D:2      | Found a burning altar of Makhleb.
  1335 | D:2      | Found a faded altar of an unknown god.
  1338 | D:2      | Became a worshipper of Kikubaaqudgha
  1338 | D:2      | Reached * piety under Kikubaaqudgha
  1338 | D:2      | Identified Kikubaaqudgha's Guide on Evil Rites
                  | (Kikubaaqudgha gifted it to you on level 2 of the Dungeon)
  1338 | D:2      | Received a gift from Kikubaaqudgha
  1342 | D:2      | Learned a level 1 spell: Pain
  1346 | D:2      | Learned a level 3 spell: Vampiric Draining
  1541 | D:2      | Reached XP level 6. HP: 49/59 MP: 1/6
  2060 | D:3      | Reached skill level 1 in Necromancy
  2457 | D:4      | Found a shimmering altar of Xom.
  2457 | D:4      | Found a blossoming altar of Fedhas.
  2466 | D:4      | Reached ** piety under Kikubaaqudgha
  2724 | D:4      | Found a staircase to the Ecumenical Temple.
  2750 | Temple   | Entered the Ecumenical Temple
  2964 | D:4      | Reached skill level 2 in Necromancy
  3130 | D:4      | Reached XP level 7. HP: 65/66 MP: 1/7
  3833 | D:5      | Entered Level 5 of the Dungeon
  3951 | D:4      | Reached skill level 3 in Necromancy
  4117 | D:5      | Noticed Edmund
  4188 | D:5      | Killed Edmund
  4411 | D:5      | Reached skill level 4 in Necromancy
  4411 | D:5      | Reached XP level 8. HP: 66/78 MP: 4/8
  5052 | D:6      | Upgraded the game from 0.27-a0-978-g2aa4ecdaef to
                  | 0.27-a0-988-g25969acef8
  5440 | D:6      | Reached *** piety under Kikubaaqudgha
  5440 | D:6      | Identified Kikubaaqudgha's Reference Book on Black Rites
                  | (Kikubaaqudgha gifted it to you on level 6 of the Dungeon)
  5440 | D:6      | Received a gift from Kikubaaqudgha
  5880 | D:6      | Reached skill level 5 in Necromancy
  5893 | D:6      | Reached skill level 5 in Dodging
  6672 | D:6      | Reached XP level 9. HP: 17/87 MP: 1/9
  6679 | D:6      | Reached skill level 5 in Fighting
  6798 | D:6      | Reached skill level 6 in Necromancy
  7104 | D:6      | Gained mutation: Your flesh is heat resistant. (rF+)
                  | [potion of mutation]
  7104 | D:6      | Gained mutation: You heal very quickly. [potion of
                  | mutation]
  7104 | D:6      | Gained mutation: You have large cloven feet. [potion of
                  | mutation]
  7104 | D:6      | Gained mutation: You are resistant to electric shocks.
                  | (rElec) [potion of mutation]
  7105 | D:6      | HP: 3/77 [wight/+4 morningstar (19)]
  7182 | D:6      | Identified the +2 pair of boots of Undesirable Species
                  | {Dex+4 SInv}
  7337 | D:7      | Found Ikoubosa's Assorted Antiques.
  7360 | D:7      | Bought a murky inky potion for 31 gold pieces
  7360 | D:7      | Bought a scroll labelled CIUSYT XOGU for 35 gold pieces
  7360 | D:7      | Bought a potion of heal wounds for 175 gold pieces
  7360 | D:7      | Bought a fizzy pink potion for 31 gold pieces
  7360 | D:7      | Bought a scroll labelled ICENLU MIHAE for 35 gold pieces
  7891 | D:8      | Found a transporter.
  7928 | D:8      | Reached **** piety under Kikubaaqudgha
  7991 | D:8      | Found a transporter.
  7994 | D:8      | Noticed sastreii's ghost (novice VSFi)
  7997 | D:8      | Found a bloodstained altar of Trog.
  8136 | D:8      | Reached skill level 7 in Necromancy
  8315 | D:8      | Noticed Prince Ribbit
  8330 | D:8      | Killed Prince Ribbit
  8498 | D:8      | Reached XP level 10. HP: 37/98 MP: 5/10
  8814 | D:8      | Identified the +8 short sword "Royggesuu" {drain, rN+++
                  | Will-}
  8814 | D:8      | Noticed a moth of wrath
  8819 | D:8      | Learned a level 2 spell: Sublimation of Blood
  8824 | D:8      | Learned a level 4 spell: Dispel Undead
  8974 | D:9      | Reached skill level 8 in Necromancy
  9034 | D:9      | Noticed a two-headed ogre
  9161 | D:8      | Killed a two-headed ogre
  9368 | D:9      | Noticed TheNamelessOne's ghost (journeyman OpCK)
  9368 | D:9      | Noticed a two-headed ogre
  9368 | D:9      | Noticed a two-headed ogre
  9369 | D:9      | Found a transporter.
  9369 | D:9      | Noticed a two-headed ogre
  9373 | D:9      | Found a transporter.
  9973 | D:9      | Noticed a wizard
  9995 | D:9      | Cast into level 2 of the Abyss (a wizard)
 10071 | Abyss:2  | Reached skill level 9 in Necromancy
 10083 | Abyss:2  | Noticed an apocalypse crab
 10103 | Abyss:2  | Killed an apocalypse crab
 10133 | Abyss:2  | Noticed a smoke demon
 10139 | Abyss:2  | Identified 2 scrolls of acquirement
 10139 | Abyss:2  | Acquired the +9 scales of the Dragon King {rPois rF+ rC+
                  | Will+}
 10140 | Abyss:2  | Found the +9 scales of the Dragon King {rPois rF+ rC+
                  | Will+}
 10158 | Abyss:2  | Acquired the +0 hat of the Desert {Str+5 Dex-4 Stlth+}
 10251 | Abyss:2  | Noticed a wretched star
 10260 | Abyss:2  | Noticed an ancient lich
 10342 | Abyss:2  | Noticed a rakshasa
 10344 | Abyss:2  | Noticed a rust devil
 10348 | Abyss:2  | Noticed a thrashing horror
 10370 | Abyss:2  | Noticed a wretched star
 10386 | Abyss:2  | Killed a thrashing horror
 10396 | Abyss:2  | Noticed a large abomination
 10430 | Abyss:2  | Noticed a wretched star
 10433 | Abyss:2  | Noticed a starcursed mass
 10442 | Abyss:2  | Noticed a thrashing horror
 10447 | Abyss:2  | Noticed an apocalypse crab
 10447 | Abyss:2  | Noticed a tentacled starspawn
 10479 | Abyss:2  | Lost dexterity.
 10495 | Abyss:2  | Noticed a glowing orange brain
 10496 | Abyss:2  | HP: 1/71 [rock wall collision (10)]
 10501 | Abyss:2  | Killed from afar by a wretched star

Illustrated notes

Levels and vault maps discovered:
D:1:      kennysheep_arrival_forest, layout_rooms,
          chequers_serial_rivers_small_a, minmay_pentomino_w2
D:2:      layout_basic, basic_altar, hellmonk_ecumenical_altar_inner_sanctum
D:3:      layout_loops_cross, serial_bayou_pond_b
D:4:      layout_basic, jmf_multi_god_temple, minmay_temple_entry_ruins
D:5:      layout_basic, minivault_26, st_stairs_4,
          minmay_misc_feat_more_columns, chequers_mini_garden, uniq_edmund
D:6:      layout_layer_cave
D:7:      layout_rooms, serial_shops, shop
D:8:      layout_basic, gammafunk_ghost_wrathful_warriors, uniq_prince_ribbit1
D:9:      layout_basic, gammafunk_ghost_smash, minmay_librarian
Temple:   regret_index_temple_chain_breaker
Abyss:2:  base: D:3, abyss_fake_exit, base: D:1, minivault_26

Skill      XL: |  1  2  3  4  5  6  7  8  9 10 |
---------------+-------------------------------+-----
Dodging        | 2 3 4 5 6 7 |  7.3
Fighting       | 1 2 3 4 6 7 |  7.1
Poison Magic   | 3 |  3.3
Necromancy     | 2 4 5 7 9 |  9.3
Stealth        | |  1.0
Spellcasting   | |  1.2
Transmutations | |  0.6

Action                   |  1- 3 |  4- 6 |  7- 9 | 10-12 || total
-------------------------+-------+-------+-------+-------++-------
Melee: Unarmed           |   100 |   124 |   458 |   251 ||   933
       Kick              |       |       |    59 |    71 ||   130
 Cast: Sting             |     2 |    50 |    93 |    35 ||   180
       Pain              |       |    29 |    41 |     3 ||    73
       Vampiric Draining |       |       |     4 |     2 ||     6
       Dispel Undead     |       |       |       |     9 ||     9
Evoke: Wand              |       |       |       |     3 ||     3
  Use: Potion            |       |     1 |     6 |     3 ||    10
       Scroll            |       |       |       |    18 ||    18
 Stab: Sleeping          |     1 |     1 |     1 |       ||     3
Armor: Robe              |    44 |    61 |   211 |       ||   316
       Acid dragon scale |       |       |       |   156 ||   156
Dodge: Dodged            |    75 |   104 |   313 |   230 ||   722

Table legend: (Time is in decaauts)
 A = Elapsed time spent in this place.
 B = Non-inter-level travel time spent in this place.
 C = Inter-level travel time spent in this place.
 D = Time resting spent in this place.
 E = Time spent auto-exploring this place.
 F = Levels seen in this place.
 G = Mean time per level.
                   A        B        C        D        E       F      G
               +--------+--------+--------+--------+--------+-----+--------+
         Total |  10497 |  10058 |    439 |    429 |   6710 |  11 |  954.3 |
       Dungeon |  10004 |   9565 |    439 |    429 |   6670 |   9 | 1111.6 |
        Temple |      1 |      1 |      0 |      0 |      0 |   1 |    1.0 |
         Abyss |    490 |    490 |      0 |      0 |     40 |   1 |  490.0 |
               +--------+--------+--------+--------+--------+-----+--------+

Top non-repeatable levels by time:
     D:6: 1952 daAuts
     D:4: 1594 daAuts
     D:8: 1128 daAuts
     D:5: 1101 daAuts
     D:9: 1017 daAuts
     D:2: 862 daAuts
     D:7: 812 daAuts
     D:3: 804 daAuts
     D:1: 729 daAuts
 Abyss:2: 490 daAuts
  Temple: 1 daAuts
